 Dungeon Crawl Stone Soup version 0.23-a0-350-g6fd5563 (webtiles) character file.

2713 Garbasso the Cleaver (level 9, -12/81 HPs)
             Began as a Minotaur Gladiator on Oct 20, 2018.
             Mangled by an orc warrior
             ... wielding a +2 dire flail of protection
              (17 damage)
             ... on level 9 of the Dungeon.
             The game lasted 00:17:28 (5589 turns).

Garbasso the Cleaver (Minotaur Gladiator)           Turns: 5589, Time: 00:17:29

Health: -12/81     AC: 16    Str: 22    XL:     9   Next: 39%
Magic:  8/8        EV: 14    Int:  5    God:
Gold:   284        SH:  4    Dex: 20    Spells: 8/8 levels left

rFire    . . .     SeeInvis .   a - +1 war axe
rCold    . . .     Gourm    +   q - +0 buckler
rNeg     . . .     Faith    .   e - +0 chain mail
rPois    .         Spirit   .   c - +0 hat
rElec    .         Reflect  .   b - +0 cloak
rCorr    +         Harm     .   p - +0 pair of gloves
MR       .....                  g - +2 pair of boots
Stlth    ..........             k - amulet of the gourmand
HPRegen  0.23/turn              t - ring of resist corrosion
MPRegen  0.11/turn              x - +3 ring of dexterity

@: agile, berserk cooldown, slowed, very slow
A: retaliatory headbutt, horns 2
a: no special abilities


You were on level 9 of the Dungeon.
You were completely stuffed.

You visited 1 branch of the dungeon, and saw 9 of its levels.
You also visited: Sewer.

You collected 284 gold pieces.

Inventory:

Hand Weapons
 a - a +1 war axe (weapon)
Missiles
 d - a throwing net {=f}
 i - 280 stones
 C - 2 tomahawks (quivered)
Armour
 b - a +0 cloak (worn)
 c - a +0 hat (worn)
 e - a +0 chain mail (worn)
 g - a +2 pair of boots (worn)
 p - a +0 pair of gloves (worn)
 q - a +0 buckler (worn)
Jewellery
 k - an amulet of the gourmand (around neck)
 t - a ring of resist corrosion (left hand)
 x - a +3 ring of dexterity (right hand)
 y - an uncursed ring of magical power
 F - an uncursed amulet of harm {unknown}
Wands
 A - a wand of paralysis (9)
 H - a wand of random effects (26)
Scrolls
 j - 5 scrolls of remove curse
 m - 2 scrolls of fear
 s - 2 scrolls of teleportation
 B - a scroll of vulnerability {unknown}
 D - a scroll of amnesia {unknown}
 E - 2 scrolls of fog {unknown}
Potions
 h - 3 potions of curing
 l - a potion of magic {unknown}
 n - a potion of agility
 o - a potion of berserk rage
 r - 2 potions of haste {unknown}
 u - a potion of invisibility {unknown}
 v - a potion of lignification {unknown}
 w - 5 potions of flight {unknown}
 z - 3 potions of heal wounds {unknown}
Comestibles
 f - 13 rations
 G - 3 chunks of flesh


   Skills:
 + Level 8.1 Fighting
 * Level 11.3 Axes
 - Level 2.0 Throwing
 + Level 7.6 Armour
 - Level 3.3 Dodging


You had 8 spell levels left.
You didn't know any spells.
Your spell library contained the following spells:

 Spells                   Type           Power        Failure   Level  Hunger
 Animate Skeleton         Necr           N/A          99%         1    ##.....
 Beastly Appendage        Tmut           #.....       99%         1    ##.....
 Confusing Touch          Hex            #.....       99%         1    ##.....
 Pain                     Necr           #...         99%         1    ##.....
 Sticks to Snakes         Tmut           #.......     100%        2    ###....
 Confuse                  Hex            #.......     100%        3    ####...
 Gell's Gravitas          Tloc           #.........   100%        3    ####...
 Regeneration             Chrm/Necr      #.........   100%        3    ####...
 Spider Form              Tmut/Pois      #.........   100%        3    ####...
 Vampiric Draining        Necr           #.........   100%        3    ####...
 Animate Dead             Necr           N/A          100%        4    #####..
 Ice Form                 Ice/Tmut       #.......     100%        4    #####..
 Petrify                  Tmut/Erth      #.......     100%        4    #####..
 Blade Hands              Tmut           #.........   100%        5    ######.
 Metabolic Englaciation   Hex/Ice        #.........   100%        5    ######.
 Yara's Violent Unravell  Hex/Tmut       #.........   100%        5    ######.


Dungeon Overview and Level Annotations

Branches:
Dungeon (10/15)
 Temple: D:4-7         Lair: D:8-11         Orc: D:9-12

Altars:
Elyvilon
Zin

Shops:
D:10 *

Annotations:
D:6 1 runed door


Innate Abilities, Weirdness & Mutations

You reflexively headbutt those who attack you in melee.
You have a pair of horns on your head.


Message History

You feel better. The orc warrior barely misses you. The orc misses you.
You furiously retaliate!
You headbutt the orc, but do no damage.
The orc warrior hits you with a +2 dire flail of protection.
* * * LOW HITPOINT WARNING * * *
The orc barely misses you. You furiously retaliate!
You headbutt the orc.
You feel better.
The orc warrior hits you with a +2 dire flail of protection!
* * * LOW HITPOINT WARNING * * *
The orc closely misses you.
You feel better.
The orc warrior hits you with a +2 dire flail of protection!
* * * LOW HITPOINT WARNING * * *
The orc barely misses you. You furiously retaliate!
You headbutt the orc!
You kill the orc!
The orc warrior closely misses you.
You hit the orc warrior.
You headbutt the orc warrior, but do no damage.
The orc warrior is moderately wounded.
The orc warrior hits you with a +2 dire flail of protection!
You die...

.. .. .. ##.
##.. ..####
#.. #
.....##.# .#
#..).####..
######)@##.(.
#......o)#.#
..######.))#
##..)#
#.#....
..###....
.... .....
##### .##.


o You could see an orc warrior.

Vanquished Creatures
  A troll (D:9)
  A hippogriff (D:9)
  Sigmund (D:6)
  A black bear (D:6)
  An orc warrior (D:10)
  2 ogres
  2 centaurs
  4 bullfrogs (D:6)
  A big kobold (Sewer)
  A wyvern skeleton (D:9)
  3 scorpions
  3 killer bees (D:10)
  2 crimson imps
  A howler monkey (D:4)
  A bullfrog zombie (D:5)
  A jelly (D:6)
  2 quasits (D:10)
  3 orc priests
  2 hounds
  8 orc wizards
  5 worker ants
  Natasha (D:3)
  A hound skeleton (D:6)
  A worker ant zombie (D:10)
  A howler monkey skeleton (D:6)
  5 adders
  4 river rats (D:3)
  2 oozes
  4 worms
  A dart slug (D:1)
  4 leopard geckos
  17 orcs
  A ball python (Sewer)
  6 giant cockroaches
  3 goblins
  7 hobgoblins
  6 jackals
  25 kobolds
  6 quokkas
  6 bats
  8 frilled lizards
  A leopard gecko skeleton (D:4)
  9 rats
165 creatures vanquished.

Notes
Turn   | Place    | Note
-------+----------+-------------------------------------------
     0 | D:1      | Garbasso the Minotaur Gladiator began the quest for the
                  | Orb.
     0 | D:1      | Reached XP level 1. HP: 18/18 MP: 0/0
   287 | D:1      | Reached skill level 4 in Axes
   287 | D:1      | Reached XP level 2. HP: 25/25 MP: 1/1
   426 | D:1      | Reached skill level 1 in Armour
   865 | D:2      | Reached XP level 3. HP: 29/31 MP: 2/2
  1032 | D:2      | Found a white marble altar of Elyvilon.
  1347 | D:3      | Reached skill level 5 in Axes
  1347 | D:3      | Reached XP level 4. HP: 31/38 MP: 3/3
  1581 | D:3      | Noticed a centaur
  1590 | D:3      | Killed a centaur
  1590 | D:3      | Reached XP level 5. HP: 30/46 MP: 4/4
  1804 | D:3      | Noticed Natasha
  1829 | D:3      | Killed Natasha
  1829 | D:3      | Reached skill level 6 in Axes
  2001 | D:3      | Found a glowing drain.
  2005 | Sewer    | Entered a sewer
  2216 | Sewer    | Reached XP level 6. HP: 50/53 MP: 5/5
  2984 | D:4      | Reached skill level 7 in Axes
  2991 | D:4      | Noticed an orc warrior
  3037 | D:5      | Entered Level 5 of the Dungeon
  3935 | D:5      | Reached skill level 5 in Fighting
  3935 | D:5      | Reached XP level 7. HP: 59/61 MP: 6/6
  4283 | D:6      | Found a runed door.
  4283 | D:6      | Found a glowing silver altar of Zin.
  4283 | D:6      | Noticed an angel
  4314 | D:6      | Reached skill level 8 in Axes
  4352 | D:6      | Reached skill level 5 in Armour
  4367 | D:6      | Noticed Sigmund
  4388 | D:6      | Killed Sigmund
  4388 | D:6      | Reached XP level 8. HP: 58/70 MP: 7/7
  4420 | D:6      | Reached skill level 9 in Axes
  5257 | D:7      | You fall through a shaft for 3 floors!
  5257 | D:10     | Entered Level 10 of the Dungeon
  5289 | D:10     | Reached skill level 10 in Axes
  5523 | D:10     | Found Xexuz's Assorted Antiques.
  5526 | D:10     | Reached XP level 9. HP: 79/79 MP: 8/8
  5557 | D:9      | Noticed a troll
  5562 | D:9      | Reached skill level 11 in Axes
  5571 | D:9      | Killed a troll
  5585 | D:9      | HP: 4/81 [orc warrior/+2 dire flail of protection (14)]
  5589 | D:9      | Mangled by an orc warrior

Vault maps used:
D:1:      dpeg_arrival_rhombi
D:2:      lemuel_crystal_altar
D:3:      first_ration, lightli_sewer_entry_pipes, uniq_natasha
D:4:      chequers_serial_rivers_micro_d
D:6:      lemuel_angel_altar, uniq_sigmund
D:7:      minmay_temple_entry_fiery, serial_shops, nicolae_shop_crystal,
          hex_large, grunt_livestock, hangedman_feature_mirror, uniq_duvessa
D:9:      overflow_temple_1_default, david_lair_generic, orc_0_dummy
D:10:     special_room, serial_shops, shop
Sewer:    kennysheep_pipe_town

Skill      XL: |  1  2  3  4  5  6  7  8  9 |
---------------+----------------------------+-----
Axes           | 4 5 6 7 8 10 11 | 11.3
Armour         | 1 2 3 4 5 6 7 |  7.6
Fighting       | 3 4 5 6 7 8 |  8.1
Throwing       | |  2.0
Dodging        | |  3.3

Action                   |  1- 3 |  4- 6 |  7- 9 || total
-------------------------+-------+-------+-------++-------
Melee: War axe           |    83 |   196 |   148 ||   427
       Headbutt          |    12 |    36 |    31 ||    79
Throw: Stone             |       |     8 |       ||     8
       Tomahawk          |       |     2 |       ||     2
       Throwing net      |       |       |     2 ||     2
Evoke: Wand              |       |       |     4 ||     4
  Use: Potion            |       |     4 |     6 ||    10
       Scroll            |       |     6 |     5 ||    11
 Stab: Paralysed         |       |       |     6 ||     6
  Eat: Chunk             |     1 |     8 |    15 ||    24
Armor: Chain mail        |    48 |    95 |    96 ||   239
       Leather armour    |     2 |       |       ||     2
Dodge: Dodged            |    44 |    69 |    61 ||   174
Block: Buckler           |     2 |    31 |    21 ||    54

Table legend:
 A = Non-vault XP
 B = Vault XP
 C = Vault XP percentage of total XP
 D = Non-vault monster count
 E = Vault monster count
 F = Vault count percentage of total count
                 A         B        C        D         E       F
            +---------+---------+-------+---------+---------+-------
      Total |    3396 |     481 |  12.4 |     129 |      36 |  21.8
            +---------+---------+-------+---------+---------+-------
        D:1 |      26 |       0 |   0.0 |      14 |       0 |   0.0
        D:2 |      48 |       0 |   0.0 |      24 |       0 |   0.0
        D:3 |     202 |     106 |  34.4 |      22 |      11 |  33.3
        D:4 |     199 |       0 |   0.0 |      11 |       0 |   0.0
        D:5 |     264 |       0 |   0.0 |       8 |       0 |   0.0
        D:6 |     820 |     238 |  22.5 |      16 |       1 |   5.9
        D:7 |     122 |       0 |   0.0 |       1 |       0 |   0.0
        D:9 |     895 |       0 |   0.0 |      15 |       0 |   0.0
       D:10 |     820 |       0 |   0.0 |      18 |       0 |   0.0
      Sewer |       0 |     137 | 100.0 |       0 |      24 | 100.0
            +---------+---------+-------+---------+---------+-------
